 Dungeon Crawl Stone Soup version 0.27-a0-1200-g94dc6ad4cf (webtiles) character file.

Game seed: 7703593454473344266

131 Morbidden the Conjurer (level 4, -1/35 HPs)
             Began as a Demigod Conjurer on May 31, 2021.
             Succumbed to a water moccasin's poison
             ... on level 3 of the Dungeon.
             The game lasted 00:02:53 (2794 turns).

Morbidden the Conjurer (Demigod Conjurer)           Turns: 2794, Time: 00:02:54

Health: -1/35      AC:  7    Str: 12    XL:     4   Next: 61%
Magic:  2/10       EV:  7    Int: 20    God:
Gold:   107        SH:  0    Dex: 12    Spells: 4/7 levels left

rFire    . . .     SeeInvis .   a - +2 spear (venom)
rCold    . . .     Faith    .   (no shield)
rNeg     . . .     Spirit   .   j - +0 ring mail
rPois    .         Reflect  .   h - +0 helmet
rElec    .         Harm     .   i - +0 cloak
rCorr    +         Rampage  .   (no gloves)
Will     .....                  (no boots)
Stlth    +.........             (no amulet)
HPRegen  0.11/turn              f - ring of resist corrosion
MPRegen  0.12/turn              (no ring)

@: lethally poisoned (-1 -> -12), constricted
A: high mp 1, forlorn
a: no special abilities


You were on level 3 of the Dungeon.
You visited 1 branch of the dungeon, and saw 3 of its levels.

You collected 107 gold pieces.

Inventory:

Hand Weapons
 a - a +2 spear of venom (weapon)
 b - a +0 dagger
Armour
 h - a +0 helmet (worn)
 i - a +0 cloak (worn)
 j - a +0 ring mail (worn)
Jewellery
 f - a ring of resist corrosion (left hand)
Scrolls
 g - a scroll of noise {unknown}
 k - a scroll of brand weapon {unknown}
 l - a scroll of immolation {unknown}
 m - a scroll of torment {unknown}
Potions
 c - 2 potions of heal wounds {unknown}
 d - 2 potions of curing {unknown}
 e - a potion of resistance {unknown}
 n - a potion of might {unknown}


   Skills:
 * Level 1.1 Fighting
 + Level 0.7 Polearms
 + Level 0.6 Armour
 * Level 2.1 Dodging
 + Level 2.0 Stealth
 * Level 2.2 Spellcasting
 * Level 4.8 Conjurations


You had 4 spell levels left.
You knew the following spells:

 Your Spells              Type           Power      Damage    Failure   Level
a - Magic Dart            Conj           84%        1d7       4%          1
b - Searing Ray           Conj           42%        3d4       8%          2

Your spell library contained the following spells:

 Spells                   Type           Power      Damage    Failure   Level
 Dazzling Flash           Conj/Hex       22%        N/A       36%         3
 Fulminant Prism          Conj/Hex       5%         3d7       78%         4
 Iskenderun's Mystic Bla  Conj/Tloc      11%        2d4       78%         4


Dungeon Overview and Level Annotations

Branches:
Dungeon (3/15)

Annotations:
D:3 3 runed translucent doors, iamserjio's ghost, weakling OpEE; knorpule3000's ghost, amateur HuWn


Innate Abilities, Weirdness & Mutations

Your attributes grow dramatically as you level up.
You have an increased reservoir of magic. (+10% MP)
You shall have no god before yourself.


Message History

The ball python bites you. The ball python constricts you.
Unknown command.
The searing ray misses the water moccasin.
The water moccasin closely misses you. The water moccasin bites you.
The ball python bites you but does no damage.
The ball python constricts you.
Unknown command.
The searing ray hits the water moccasin.
The water moccasin is almost dead.
You finish channeling your searing ray.
The water moccasin bites you.
You are lethally poisoned!
The water moccasin poisons you!
The ball python bites you but does no damage.
The ball python constricts you.
You feel very sick. The water moccasin bites you.
* * * LOW HITPOINT WARNING * * *
The ball python closely misses you. The ball python constricts you.
The water moccasin bites you but does no damage.
Unknown command.
Unknown command.
Unknown command.
Unknown command.
Casting: Searing Ray (safe; 8% risk of failure)
Confirm with . or Enter, or press ? or * to list all spells.
Aiming: Searing Ray (safe; 8% risk of failure)
Press: ? - help, Shift-Dir - straight line, f/p - water moccasin
Aim: a water moccasin (almost dead, 63% to hit)
The searing ray misses the water moccasin. (Press . to maintain the ray.)
* * * LOW HITPOINT WARNING * * *
You feel very sick.
The ball python bites you but does no damage.
The ball python constricts you. The water moccasin bites you.
* * * LOW HITPOINT WARNING * * *
Unknown command.
Unknown command.
The searing ray hits the water moccasin.
You kill the water moccasin!
You die...

.#####.#
.###.......##.#####.#
.......#
....#.###.##.####
########
#..............# #
#.###.#.###.##.#..# #
.....(.###.#.###.##.#
# ##.......##.#.....#
# #.....†.## #.######
##### #.......#
##.##### ....#
#†@.....# #......#
##### #.....S......#
#..###.# #
.....#.......#
#....#.# # $.$.
#.......# #.##.#.# #
... #.......#
#......# # ...
######### ####.### #
######## #. #.# # #..
..###.### ########
#.# # #.# #.... ..#
#......###.#


You could see a ball python.

Vanquished Creatures
  A water moccasin (D:3)
  An iguana (D:3)
  Jessica (D:2)
  2 adders
  2 worms (D:2)
  A dart slug (D:2)
  4 ball pythons
  8 endoplasms
  A giant cockroach (D:1)
  4 goblins
  6 hobgoblins
  5 jackals
  2 quokkas
  3 bats
  2 frilled lizards
  3 kobolds (D:1)
  6 rats
52 creatures vanquished.

Vanquished Creatures (others)
  6 withered plants (D:3)
6 creatures vanquished.

Grand Total: 58 creatures vanquished

Notes
Turn   | Place    | Note
-------+----------+-------------------------------------------
     0 | D:1      | Morbidden the Demigod Conjurer began the quest for the Orb.
     0 | D:1      | Reached XP level 1. HP: 14/14 MP: 5/5
   287 | D:1      | Reached skill level 4 in Conjurations
   329 | D:1      | Reached XP level 2. HP: 20/20 MP: 1/7
   430 | D:1      | Learned a level 2 spell: Searing Ray
  1381 | D:2      | Reached XP level 3. HP: 13/26 MP: 6/8
  1574 | D:2      | Noticed Jessica
  1580 | D:2      | Killed Jessica
  2166 | D:2      | Reached XP level 4. HP: 29/34 MP: 9/9
  2247 | D:3      | Found a runed translucent gate.
  2248 | D:3      | Found a runed translucent gate.
  2248 | D:3      | Found a runed translucent gate.
  2249 | D:3      | Noticed iamserjio's ghost (weakling OpEE)
  2249 | D:3      | Noticed knorpule3000's ghost (amateur HuWn)
  2674 | D:3      | Reached skill level 1 in Fighting
  2781 | D:3      | Noticed a water moccasin
  2793 | D:3      | HP: 1/35 [water moccasin (5)]
  2794 | D:3      | Killed a water moccasin
  2794 | D:3      | Succumbed to a water moccasin's poison

Illustrated notes

Levels and vault maps discovered:
D:1:      wheals_arrival_linesprint, layout_rooms,
          chequers_ecumenical_altar_simple_redux
D:2:      layout_loops_ring, uniq_jessica
D:3:      layout_loops_cross, grunt_gozag_breadcrumbs, gammafunk_ghost_cemetery,
          bh_walls_and_bars, uniq_crazy_yiuf_cottage

Skill      XL: |  1  2  3  4 |
---------------+-------------+-----
Conjurations   | 4 |  4.8
Spellcasting   | 2 |  2.2
Dodging        | 2 |  2.1
Fighting       | 1 |  1.1
Stealth        | 2 |  2.0
Polearms       | |  0.7
Armour         | |  0.6

Action                   |  1- 3 |  4- 6 || total
-------------------------+-------+-------++-------
Melee: Unarmed           |     2 |       ||     2
       Spear             |    62 |    41 ||   103
       Dagger            |     7 |       ||     7
 Cast: Magic Dart        |    38 |       ||    38
       Searing Ray       |       |     2 ||     2
 Stab: Sleeping          |     2 |       ||     2
Armor: Robe              |     3 |       ||     3
       Ring mail         |    17 |    17 ||    34
Dodge: Dodged            |    32 |    30 ||    62

Table legend: (Time is in decaauts)
 A = Elapsed time spent in this place.
 B = Non-inter-level travel time spent in this place.
 C = Inter-level travel time spent in this place.
 D = Time resting spent in this place.
 E = Time spent auto-exploring this place.
 F = Levels seen in this place.
 G = Mean time per level.
                   A        B        C        D        E       F      G
               +--------+--------+--------+--------+--------+-----+--------+
         Total |   2801 |   2671 |    130 |    234 |   2080 |   3 |  933.7 |
       Dungeon |   2801 |   2671 |    130 |    234 |   2080 |   3 |  933.7 |
               +--------+--------+--------+--------+--------+-----+--------+

Top non-repeatable levels by time:
     D:1: 1237 daAuts
     D:2: 1014 daAuts
     D:3: 550 daAuts
